[Event "Late-Titled-Tuesday-Blitz-March-12-2024"]
[Site "Chess.com"]
[Date "2024.03.12"]
[Round "5"]
[White "expii"]
[Black "diamonds13"]
[Result "1/2-1/2"]
[WhiteElo "2198"]
[BlackElo "2347"]
[TimeControl "180+1"]
[EndTime "14:53:39 PDT"]
[Termination "Game drawn by repetition"]

1. e4 c5 2. Nf3 Nc6 3. d4 cxd4 4.
Nxd4 Nf6 5. Nc3 e6 6. g3 Bb4 7. Bg2 d5 8. O-O Bxc3 9. bxc3 dxe4 10. Nxc6 Qxd1 11. Rxd1 bxc6 12. c4 Bd7 13. Bb2 O-O-O 14. Bxf6 gxf6 15. Bxe4 f5 16. Bf3 c5 17. Rab1 Ba4 18.
Rxd8+ Rxd8 19. Rb7 Rd7 20. Rxd7 Kxd7 21. Bd1 Kd6 22. f4 e5 23. Kf2 e4 24. Ke3 Bd7 25. c3 Kc7 26. h3 Be6 27. Be2 Kb6 28. g4 Ka5 29. gxf5 Bxf5 30. Bg4 Bxg4 31. hxg4 Ka4 32. Kxe4 Ka3 33. Kd5 Kxa2 34. Kxc5 Kb3 35. Kd5 a5 36. c5 a4 37. c6 a3 38. c7 a2 39. c8=Q a1=Q 40. Qc4+ Kc2 41. Qe2+ Kb3 42. Qc4+ Kc2 43. Qe4+ Kb2 44. Qb4+ Kc1 45. c4 Qa8+ 46.
Kd6 Qd8+ 47. Kc6 Qc8+ 48. Kb6 Qb8+ 49. Kc5 Qxf4 50. Qc3+ Kb1 51. Qd3+ Kc1 52. Qc3+ Kb1 53. Qd3+ Kc1 54. Qd4 Qc7+ 55. Kb4 Qb7+ 56. Ka4 Qa6+ 57. Kb4 Qb7+ 58. Ka4 Qc6+ 59. Kb4 Qb7+ 1/2-1/2

[Event "Late-Titled-Tuesday-Blitz-March-12-2024"]
[Site "Chess.com"]
[Date "2024.03.12"]
[Round "5"]
[White "BilodeauA"]
[Black "Alphafischer2019"]
[Result "1-0"]
[WhiteElo "3003"]
[BlackElo "2740"]
[TimeControl "180+1"]
[EndTime "14:53:40 PDT"]
[Termination "BilodeauA won by resignation"]

1. e4 e6 2. d4 d5 3. Nd2 dxe4 4.
Nxe4 Nd7 5. Ng3 Ngf6 6. Nf3 Be7 7. Bd3 O-O 8. O-O b6 9. c3 Bb7 10.
Qe2 c5 11. Rd1 Re8 12. h3 Qc7 13. a4 Rad8 14. Bb5 Bc6 15. Bd2 Bd6 16. Nf1 Nd5 17. Bxc6 Qxc6 18. a5 c4 19. axb6 axb6 20. Ng3 Bxg3 21.
fxg3 Ra8 22. Kh2 b5 23. Be1 Rxa1 24. Rxa1 Ra8 25. Rb1 Qc7 26. b3 h6 27. bxc4 bxc4 28. Qd2 Ra3 29. Qc1 Ra2 30. Bd2 N7f6 31. Qe1 Nd7 32.
Kh1 Ra3 33. g4 Rb3 34. Ra1 Rb2 35. g5 hxg5 36. Nxg5 N7f6 37. Qe2 Qb8 38. Qe1 Qc7 39. Qf2 Rc2 40. Ra8+ 1-0

[Event "Late-Titled-Tuesday-Blitz-March-12-2024"]
[Site "Chess.com"]
[Date "2024.03.12"]
[Round "5"]
[White "Moultino06"]
[Black "RandomNoob04"]
[Result "0-1"]
[WhiteElo "2813"]
[BlackElo "2647"]
[TimeControl "180+1"]
[EndTime "14:53:40 PDT"]
[Termination "RandomNoob04 won on time"]

1. b3 Nf6 2. Bb2 g6 3. Bxf6 exf6 4. c4 Bg7 5. Nc3 O-O 6. g3 f5 7. Bg2 Nc6 8. e3 d6 9. Nge2 h5 10. h4 Ne5 11. d4 Ng4 12. Nf4 Re8 13. O-O c6 14. Qd2 Bh6 15. Bf3 g5 16. hxg5 Qxg5 17.
Ng2 Qf6 18. Qd3 Bg5 19. Ne2 h4 20. gxh4 Bxh4 21. Bxg4 fxg4 22. Nxh4 Qxh4 23. Ng3 Kg7 24. Rfe1 Qh3 25. Qf1 Qh4 26. Qd3 Bd7 27. Kf1 Rh8 28. Ke2 Qf6 29. Rh1 Qf3+ 30. Kd2 Qxf2+ 31. Ne2 g3 0-1

[Event "Late-Titled-Tuesday-Blitz-March-12-2024"]
[Site "Chess.com"]
[Date "2024.03.12"]
[Round "5"]
[White "Casper"]
[Black "Slovak_fighter2000"]
[Result "0-1"]
[WhiteElo "2472"]
[BlackElo "2609"]
[TimeControl "180+1"]
[EndTime "14:53:46 PDT"]
[Termination "Slovak_fighter2000 won by resignation"]

1. Nf3 d5 2. b3 c5 3. Bb2 Nc6 4. e3 a6 5. d4 cxd4 6. exd4 Bg4 7. Be2 Nf6 8. O-O Bxf3 9. Bxf3 e6 10. c4 Be7 11.
Nc3 dxc4 12. Bxc6+ bxc6 13. bxc4 O-O 14. Na4 Rb8 15.
Rb1 Qa5 16. Qc2 Rfd8 17. h3 Qh5 18. c5 Nd5 19. Qd3 Nb4 20. Qc4 Qd5 21. Rfc1 Nxa2 22.
Qxd5 exd5 23. Re1 Bf6 24. Nb6 Nb4 25. Bc3 Nc2 26. Red1 Na3 27. Ra1 Nb5 28. Bb2 Rb7 29. Rxa6 Re8 30. Kf1 h5 31. f3 Nc7 32. Ra3 Ne6 33. Bc3 Kh7 34. g3 Ng5 35. f4 Ne4 36.
Be1 g6 37. g4 hxg4 38. hxg4 Bg7 39. Rda1 Bxd4 40. Rh3+ Kg8 41. Ra6 Nxc5 0-1

[Event "Late-Titled-Tuesday-Blitz-March-12-2024"]
[Site "Chess.com"]
[Date "2024.03.12"]
[Round "5"]
[White "mac0504"]
[Black "AryanTari"]
[Result "1-0"]
[WhiteElo "2721"]
[BlackElo "2918"]
[TimeControl "180+1"]
[EndTime "14:53:47 PDT"]
[Termination "mac0504 won by resignation"]

1. Nf3 c5 2. g3 Nc6 3. Bg2 g6 4.
O-O Bg7 5. e4 e6 6. c3 d5 7.
exd5 Qxd5 8. d4 Nge7 9. Ne5 Qd8 10. Nxc6 bxc6 11. dxc5 Ba6 12. Re1 Qxd1 13. Rxd1 Nd5 14. Nd2 f5 15. Nf3 Kf7 16. Nd4 Rhc8 17. Bd2 Rab8 18.
b3 Bb7 19. Re1 e5 20. Nf3 e4 21. Ng5+ Kf8 22. Ne6+ Kf7 23. Nxg7 Kxg7 24. c4 Nc7 25. Bf4 Ne6 26. Bxb8 Rxb8 27. f3 Nxc5 28. fxe4 f4 29.
gxf4 Nd3 30. Rf1 Bc8 31. Rad1 Nb4 32. f5 Nxa2 33. Rd6 Rxb3 34. Rxc6 Bd7 35. Rc7 Rd3 36. e5 1-0

[Event "Late-Titled-Tuesday-Blitz-March-12-2024"]
[Site "Chess.com"]
[Date "2024.03.12"]
[Round "5"]
[White "karinachess1"]
[Black "Igor_Lysyj"]
[Result "0-1"]
[WhiteElo "2609"]
[BlackElo "2832"]
[TimeControl "180+1"]
[EndTime "14:53:47 PDT"]
[Termination "Igor_Lysyj won on time"]

1. d4 Nf6 2. c4 e6 3. Nc3 Bb4 4. a3 Bxc3+ 5. bxc3 c5 6. f3 Nc6 7. e4 d6 8. Ne2 b6 9. Be3 Na5 10. Ng3 O-O 11. Bd3 Ba6 12. Qe2 Qc7 13. d5 Nd7 14. f4 exd5 15. cxd5 Bxd3 16. Qxd3 c4 17. Qc2 Rae8 18.
O-O f5 19. Bd4 Nb3 20. Nxf5 Nxa1 21. Rxa1 Nf6 22. e5 dxe5 23. d6 Qd7 24. Bxe5 Rf7 25. Rd1 Ng4 26. Ne7+ Rfxe7 27. dxe7 Qxe7 28. Qe4 Qc5+ 29. Qd4 Rd8 30. h3 Rxd4 31. Bxd4 Qf5 32. hxg4 Qxf4 33. Re1 Qxg4 34. Re7 h5 35. Rxa7 g5 36.
Rg7+ Kf8 37. Rh7 h4 38. a4 Qg3 0-1

[Event "Late-Titled-Tuesday-Blitz-March-12-2024"]
[Site "Chess.com"]
[Date "2024.03.12"]
[Round "5"]
[White "Blitzstream"]
[Black "masnyszachistaaa"]
[Result "1-0"]
[WhiteElo "2733"]
[BlackElo "2551"]
[TimeControl "180+1"]
[EndTime "14:53:47 PDT"]
[Termination "Blitzstream won on time"]

1. e4 c5 2. Nf3 Nc6 3. Bc4 e6 4.
O-O d5 5. Bb5 Be7 6. exd5 exd5 7. d4 c4 8. Ne5 Bd7 9. Nc3 Nf6 10. Bg5 O-O 11. Bxf6 Bxf6 12. Nxd5 Bxe5 13. dxe5 Nxe5 14. Bxd7 Nxd7 15. Qd4 Nb6 16. Rad1 Nxd5 17. Qxd5 Qc7 18. Rd4 Rac8 19. Rfd1 h6 20. h4 Qb6 21. b3 cxb3 22. cxb3 Rc2 23. R1d3 Qc6 24. Qxc6 Rxc6 25. Rd7 Rb6 26. Re3 a5 27. Ree7 a4 28.
Rxb7 Rxb7 29. Rxb7 axb3 30. axb3 Ra8 31. h5 Ra5 32. g4 Rg5 33. f3 f5 34. Rb5 g6 35.
hxg6 Rxg6 36. Rxf5 1-0

[Event "Late-Titled-Tuesday-Blitz-March-12-2024"]
[Site "Chess.com"]
[Date "2024.03.12"]
[Round "5"]
[White "NelsonLinda"]
[Black "N4700000"]
[Result "1-0"]
[WhiteElo "2630"]
[BlackElo "2492"]
[TimeControl "180+1"]
[EndTime "14:53:47 PDT"]
[Termination "NelsonLinda won by resignation"]

1. b3 d5 2. Bb2 Bg4 3. f3 Bh5 4.
h4 f6 5. d4 e6 6. e4 dxe4 7. g4 Bf7 8. fxe4 c5 9. Nf3 Nc6 10.
Bb5 cxd4 11. Qxd4 Qc7 12. Nbd2 Rd8 13. Qxa7 Bd6 14. O-O-O Ne7 15. e5 Bxe5 16. Nxe5 fxe5 17. Qc5 O-O 18. Nf3 Rd5 19. Rxd5 exd5 20. Nxe5 Be6 21. g5 Qa5 22. a4 Qb4 23. Qxb4 Nxb4 24. Ba3 Nec6 25. Nxc6 bxc6 26. Bxb4 Rb8 27. Bd6 Rd8 28. Be7 Rd7 29. Bxc6 Rxe7 30. Re1 Kf7 31. b4 Rc7 32. b5 d4 33. a5 Bf5 34. a6 d3 35. cxd3 Bxd3 36. Kd2 Bc4 37. Re4 Bb3 38. Rd4 Ke7 39. Kc3 Be6 40. Kb4 1-0

[Event "Late-Titled-Tuesday-Blitz-March-12-2024"]
[Site "Chess.com"]
[Date "2024.03.12"]
[Round "5"]
[White "The_Machine04"]
[Black "marcodobrikov"]
[Result "1-0"]
[WhiteElo "2817"]
[BlackElo "2602"]
[TimeControl "180+1"]
[EndTime "14:53:51 PDT"]
[Termination "The_Machine04 won by resignation"]

1. d4 g6 2. Nf3 Bg7 3. Nbd2 c5 4.
e3 d5 5. dxc5 Nd7 6. Nb3 Nxc5 7.
Nxc5 Qa5+ 8. Bd2 Qxc5 9. c4 dxc4 10. Qc2 Bf5 11. e4 Bg4 12. Bxc4 Rc8 13. Rc1 Bxf3 14.
Bb5+ Kd8 15. Qxc5 Rxc5 16. Rxc5 Bxg2 17. Rg1 Bxe4 18. Bf4 e6 19. Ke2 Nf6 20. f3 Bd5 21. Rgc1 Ne8 22. Rc8+ Ke7 23. b3 Bd4 24. Bxe8 Rxe8 25.
R1c7+ Kf8 26. Bh6+ Bg7 27. Bxg7+ Kxg7 28. Rxe8 Kf6 29.
Ree7 e5 30. Rxb7 Bxb7 31. Rxb7 h5 32. Rxa7 e4 33. fxe4 Ke5 34. Rxf7 g5 35. Rf5+ Kxe4 36. Rxg5 h4 37. Rg4+ Kf5 38. Rxh4 Kg5 39. Rh3 Kf6 40. Rg3 Kf5 41. Kf2 Kf4 42. a3 Kf5 43. Re3 Kf4 44.
b4 Kf5 45. b5 Kf4 46. b6 Kf5 47. b7 Kf4 48. b8=Q+ Kf5 49. Qb4 Kf6 50. Rc3 Kf7 51. Rc5 Kf6 52. Qb6+ Kf7 53. Rc7+ Kf8 54. Qb7 Ke8 55. a4 1-0

[Event "Late-Titled-Tuesday-Blitz-March-12-2024"]
[Site "Chess.com"]
[Date "2024.03.12"]
[Round "5"]
[White "ketster"]
[Black "Mops_2004"]
[Result "1-0"]
[WhiteElo "2568"]
[BlackElo "2793"]
[TimeControl "180+1"]
[EndTime "14:53:51 PDT"]
[Termination "ketster won by resignation"]

1. d4 Nf6 2. Nf3 g6 3. c4 Bg7 4. Nc3 d5 5. h4 dxc4 6. e4 O-O 7. Bxc4 c5 8. d5 b5 9. Bxb5 Nxe4 10. Nxe4 Qa5+ 11.
Nc3 Bxc3+ 12. bxc3 Qxb5 13. Bh6 Rd8 14. Nd2 Rxd5 15. c4 Re5+ 16. Kf1 Qa6 17. h5 Nc6 18. hxg6 hxg6 19. Qf3 Be6 20. Rc1 Rd8 21. Bf4 Rf5 22. g4 Nd4 23. Qg3 Rxf4 24. Qh4 f5 25. Qh8+ 1-0

[Event "Late-Titled-Tuesday-Blitz-March-12-2024"]
[Site "Chess.com"]
[Date "2024.03.12"]
[Round "5"]
[White "KSho99"]
[Black "Aram7Adam"]
[Result "0-1"]
[WhiteElo "2155"]
[BlackElo "2454"]
[TimeControl "180+1"]
[EndTime "14:53:53 PDT"]
[Termination "Aram7Adam won on time"]

1. d4 d5 2. Nf3 Nf6 3. e3 c5 4. dxc5 Nc6 5. a3 e5 6. b4 e4 7. Nd4 Ne5 8. Bb2 Be7 9. Nd2 O-O 10. Be2 a5 11. h3 b6 12. N4b3 Ng6 13. cxb6 axb4 14.
axb4 Rxa1 15. Qxa1 Qxb6 16. c3 Nh4 17. O-O Nd7 18. c4 Qg6 19. g3 dxc4 20. Nxc4 Bxb4 21. Bxg7 Qxg7 22. Qxg7+ Kxg7 23. gxh4 Ba6 24. Rc1 Nf6 25.
Bf1 Rb8 26. Ncd2 Bxf1 27. Kxf1 Rb5 28. Nd4 Bxd2 29. Rd1 Rb2 0-1

[Event "Late-Titled-Tuesday-Blitz-March-12-2024"]
[Site "Chess.com"]
[Date "2024.03.12"]
[Round "5"]
[White "ChristopherYoo"]
[Black "Jospem"]
[Result "1-0"]
[WhiteElo "3007"]
[BlackElo "3114"]
[TimeControl "180+1"]
[EndTime "14:53:55 PDT"]
[Termination "ChristopherYoo won by resignation"]

1. d4 Nf6 2. c4 e6 3. Nc3 Bb4 4. a3 Bxc3+ 5. bxc3 c5 6. e3 Nc6 7.
Bd3 d6 8. Ne2 e5 9. O-O O-O 10.
Rb1 Re8 11. Bc2 Na5 12. e4 h6 13. Ng3 Nxc4 14. f4 cxd4 15. cxd4 a6 16. a4 b5 17. axb5 axb5 18. Rxb5 Ba6 19. Rb1 Na5 20. Rf2 Nc6 21. Ba4 Rc8 22. d5 Nd4 23. Bxe8 Qxe8 24. Be3 Rc4 25. fxe5 Qxe5 26. Bf4 Qe7 27. Ra2 Bc8 28. Qd3 Qc7 29. Bxd6 Rc1+ 30. Nf1 Qc4 31. Qxc4 Rxc4 32. Nd2 Rc3 33. Be5 Rd3 34. Bxd4 Rxd4 35. Rb8 Kh7 36.
Rxc8 Ng4 37. h3 Ne5 38. Kf2 f6 39. Nf3 Rxe4 40. Nxe5 Rxe5 41. Rd2 Re8 42. Rxe8 1-0

[Event "Late-Titled-Tuesday-Blitz-March-12-2024"]
[Site "Chess.com"]
[Date "2024.03.12"]
[Round "5"]
[White "SaqoChess_Twitch"]
[Black "Rogarcia1"]
[Result "1-0"]
[WhiteElo "2649"]
[BlackElo "2505"]
[TimeControl "180+1"]
[EndTime "14:53:58 PDT"]
[Termination "SaqoChess_Twitch won on time"]

1. d4 d5 2. c4 c6 3. Nc3 Nf6 4. e3 e6 5. Nf3 Nbd7 6. Bd3 Bd6 7. O-O O-O 8. e4 dxe4 9. Nxe4 Nxe4 10. Bxe4 h6 11. b3 e5 12. Bb2 Qe7 13. Re1 f5 14. dxe5 Bb4 15. Bc2 Bxe1 16. Qxe1 Nc5 17. Qe3 Ne6 18.
Rd1 Ng5 19. Nxg5 Qxg5 20. f4 Qe7 21. Rd6 Be6 22. c5 Bd5 23. Qd3 Rad8 24. Qc3 Qh4 25.
g3 Qh3 26. Qd2 Qg4 27. Bd1 Qh3 28. a3 h5 29. Qf2 h4 30. b4 hxg3 31. Qxg3 Qxg3+ 32.
hxg3 Rfe8 33. Bh5 Rf8 34. Bg6 b6 35. Bd4 Rxd6 36. cxd6 Be6 37. Kf2 Rc8 38. Ke3 c5 39.
Bc3 cxb4 40. Bxb4 a5 41. Bd2 Rc4 42. g4 fxg4 43. f5 Bc8 44. e6 g3 45. d7 1-0

[Event "Late-Titled-Tuesday-Blitz-March-12-2024"]
[Site "Chess.com"]
[Date "2024.03.12"]
[Round "5"]
[White "Mikayel99"]
[Black "Felix-Rose"]
[Result "1-0"]
[WhiteElo "2564"]
[BlackElo "2284"]
[TimeControl "180+1"]
[EndTime "14:53:58 PDT"]
[Termination "Mikayel99 won on time"]

1. e4 e5 2. Nf3 Nc6 3. Bb5 a6 4.
Ba4 Nf6 5. O-O b5 6. Bb3 Bc5 7. d3 d6 8. a4 Rb8 9. Be3 Bb6 10. Nc3 O-O 11. h3 b4 12. Nd5 Nxd5 13. exd5 Ne7 14. d4 e4 15. Nh2 f5 16. a5 Ba7 17. f4 Bb7 18. Qe2 Kh8 19. Ra4 Qc8 20. Rxb4 Nxd5 21. Bxd5 Bxd5 22. Rxb8 Bxb8 23. c3 Qb7 24. b4 Qc6 25. Rd1 Bc4 26. Qh5 d5 27. g4 Qg6 28. Qxg6 hxg6 29. gxf5 Rxf5 30. Rd2 c6 31.
Rf2 Kg8 32. Kg2 Bd6 33. Ng4 Kf7 34. Kg3 Bd3 35. h4 Bc4 36. Rh2 Rh5 37. Nf2 Bb5 38. Nh3 Rf5 39. Ng5+ Kf6 40. Kg4 c5 41.
dxc5 1-0

[Event "Late-Titled-Tuesday-Blitz-March-12-2024"]
[Site "Chess.com"]
[Date "2024.03.12"]
[Round "5"]
[White "TheCavemanChess"]
[Black "DanielNaroditsky"]
[Result "0-1"]
[WhiteElo "2768"]
[BlackElo "3080"]
[TimeControl "180+1"]
[EndTime "14:53:59 PDT"]
[Termination "DanielNaroditsky won on time"]

1. e4 Nf6 2. e5 Nd5 3. d4 d6 4. c4 Nb6 5. f4 dxe5 6. fxe5 Bf5 7. Be3 e6 8. Nf3 Bb4+ 9. Nc3 c5 10. a3 Bxc3+ 11. bxc3 Nc6 12. Be2 O-O 13. O-O Na5 14.
Nd2 Bg6 15. Qe1 Na4 16. Rc1 Rc8 17. Qg3 Nxc3 18. Rxc3 cxd4 19. Bg5 f6 20. Rcf3 Qb6 21. exf6 gxf6 22. Rxf6 d3+ 23. Be3 Qb2 24. Rxg6+ hxg6 25. Qxg6+ Qg7 26. Qxe6+ Kh8 27. Qh3+ Kg8 28. Qe6+ Kh8 29.
Bxd3 Rxf1+ 30. Nxf1 Rf8 31. Qh3+ Kg8 32. Qe6+ Kh8 33.
Qd5 Nc6 34. c5 Ne5 35. Be4 Qf6 36. Ng3 Rd8 37. Qb3 Ng4 38. h3 Qa1+ 39. Nf1 Rd1 0-1

[Event "Late-Titled-Tuesday-Blitz-March-12-2024"]
[Site "Chess.com"]
[Date "2024.03.12"]
[Round "5"]
[White "willcab71"]
[Black "David_ATM"]
[Result "0-1"]
[WhiteElo "2146"]
[BlackElo "2383"]
[TimeControl "180+1"]
[EndTime "14:53:59 PDT"]
[Termination "David_ATM won by checkmate"]

1. b3 Nf6 2. Bb2 g6 3. e3 Bg7 4. c4 O-O 5. Ne2 c5 6. g3 Nc6 7. Bg2 b6 8. O-O Bb7 9. Nbc3 d6 10. d4 cxd4 11. exd4 Na5 12. Qd2 Bxg2 13. Kxg2 e6 14. Rad1 d5 15. Ba3 Re8 16. c5 Rc8 17. Na4 b5 18.
Nb2 Nc6 19. Nd3 Ne4 20. Qe3 Qg5 21. f4 Qd8 22. Ne5 Qa5 23. Nxc6 Rxc6 24. b4 Qd8 25.
Bc1 a5 26. a3 axb4 27. axb4 Ra6 28. Nc3 Nxc3 29. Qxc3 Qd7 30. Bb2 Rea8 31. Ra1 Ra4 32. Rxa4 bxa4 33. Ba3 Qc6 34. Rb1 Rb8 35. Qb2 Qb5 36. Qc3 Qe2+ 37. Kh3 h5 38. Rb2 Qf1+ 39. Kh4 Bf6# 0-1

[Event "Late-Titled-Tuesday-Blitz-March-12-2024"]
[Site "Chess.com"]
[Date "2024.03.12"]
[Round "5"]
[White "Casablanca"]
[Black "IMRosen"]
[Result "1-0"]
[WhiteElo "2557"]
[BlackElo "2679"]
[TimeControl "180+1"]
[EndTime "14:54:00 PDT"]
[Termination "Casablanca won on time"]

1. d4 d5 2. c4 e6 3. Nc3 Nf6 4.
cxd5 exd5 5. Bg5 c6 6. Qc2 Bd6 7. e3 O-O 8. Bd3 h6 9. Bh4 Re8 10. Nge2 a5 11. h3 Na6 12. a3 Nc7 13. O-O Ne6 14.
Rad1 b5 15. e4 Be7 16. e5 Nh5 17. Bxe7 Qxe7 18. f4 b4 19. Na4 Ba6 20. Bxa6 Rxa6 21.
f5 Nf8 22. Nc5 Raa8 23. g4 Nf6 24. Ng3 N6d7 25. Rc1 Nxc5 26. Qxc5 bxa3 27. bxa3 Rac8 28. Qxe7 Rxe7 29. Rc5 Rb7 30. Rf3 Rb5 31. Rfc3 Rxc5 32. Rxc5 a4 33. Ra5 Nd7 34. Rxa4 c5 35. dxc5 Nxc5 36.
Rd4 Ra8 37. Rxd5 Rxa3 38. Rxc5 Rxg3+ 39. Kh2 Re3 40. Rc8+ Kh7 41. Rc7 Kg8 42. Rc8+ Kh7 43.
Rc5 Kg8 44. Kg2 Kh7 45. h4 Re4 46. Kf3 Re1 47. Rc7 Rxe5 48. Rxf7 Kg8 49. Ra7 Ra5 50. Rxa5 Kh7 51. Ra7 h5 52. g5 Kh8 53. g6 1-0

[Event "Late-Titled-Tuesday-Blitz-March-12-2024"]
[Site "Chess.com"]
[Date "2024.03.12"]
[Round "5"]
[White "HaryKane"]
[Black "GotCheeseCheckers"]
[Result "0-1"]
[WhiteElo "2591"]
[BlackElo "2484"]
[TimeControl "180+1"]
[EndTime "14:54:01 PDT"]
[Termination "GotCheeseCheckers won by resignation"]

1. d4 h6 2. e3 Nf6 3. f4 b6 4.
Nf3 Bb7 5. Bd3 e6 6. O-O c5 7. c3 Be7 8. Qe2 d5 9. Nbd2 O-O 10. Ne5 Nc6 11. Rf3 cxd4 12. exd4 Rc8 13. Rg3 Re8 14.
Ndf3 Ne4 15. Bxe4 dxe4 16. Qxe4 Nxe5 17. Qxb7 Nc6 18. Qa6 Qd5 19. Qe2 b5 20. Ne5 Bf8 21.
Bd2 b4 22. Rf1 bxc3 23. bxc3 Ne7 24. Rh3 Nf5 25. g4 Nd6 26. g5 Nf5 27. gxh6 Rc7 28. hxg7 Bxg7 29. Qh5 Qxa2 30. Be1 Kf8 31. c4 Bxe5 32. fxe5 Qxc4 33. Qh8+ Ke7 34. Qf6+ Kd7 35. Qxf7+ Re7 36. Qf6 Rg7+ 37. Bg3 Qxd4+ 38. Kg2 Rc2+ 39. Kh1 Qd5+ 0-1

[Event "Late-Titled-Tuesday-Blitz-March-12-2024"]
[Site "Chess.com"]
[Date "2024.03.12"]
[Round "5"]
[White "Bkmzzzzz"]
[Black "PawnEatingZombie"]
[Result "1-0"]
[WhiteElo "2382"]
[BlackElo "2108"]
[TimeControl "180+1"]
[EndTime "14:54:02 PDT"]
[Termination "Bkmzzzzz won by resignation"]

1. e4 d6 2. d4 Nf6 3. Nc3 e5 4.
Nf3 Nbd7 5. Bc4 Be7 6. dxe5 dxe5 7. Ng5 O-O 8. Bxf7+ Rxf7 9. Ne6 Qe8 10. Nxc7 Qd8 11.
Nxa8 b6 12. Nxb6 Qxb6 13. O-O Bb7 14. Be3 Qa5 15. f3 Nb6 16. Bf2 Bf8 17. a3 Rd7 18. Qc1 Bc5 19. b4 Bxf2+ 20. Rxf2 Qa6 21. Rd2 Qc4 22.
Rxd7 Nfxd7 23. Qd2 h6 24. Rd1 Kh7 25. Nd5 Nxd5 26. exd5 Qa2 27. Qd3+ Kh8 28. c4 a5 29. c5 axb4 30. axb4 Nf6 31. c6 Bc8 32. b5 Qb2 33. d6 e4 34. fxe4 Bg4 35. d7 Bxd1 36. d8=Q+ Kh7 37. e5+ 1-0

[Event "Late-Titled-Tuesday-Blitz-March-12-2024"]
[Site "Chess.com"]
[Date "2024.03.12"]
[Round "5"]
[White "scarabee43"]
[Black "MalyDominator"]
[Result "1-0"]
[WhiteElo "2841"]
[BlackElo "2553"]
[TimeControl "180+1"]
[EndTime "14:54:03 PDT"]
[Termination "scarabee43 won by resignation"]

1. Nf3 Nf6 2. c4 e6 3. Nc3 d5 4.
d4 c5 5. cxd5 Nxd5 6. g3 Nxc3 7.
bxc3 cxd4 8. cxd4 Bb4+ 9. Bd2 Bxd2+ 10. Qxd2 b6 11. Bg2 Bb7 12. O-O O-O 13. Rfe1 Nd7 14. e4 Nf6 15. Qd3 Rc8 16. Rad1 Qc7 17. Ne5 Qc2 18.
a3 Rfd8 19. d5 Qxd3 20. Rxd3 exd5 21. exd5 Bxd5 22. Red1 Rc5 23. Rd4 h6 24. Nd3 Ra5 25. Nb4 Rxa3 26. Nxd5 Nxd5 27. Bxd5 Kf8 28. Kg2 Rd6 29.
Bc4 Rxd4 30. Rxd4 Ke7 31. Re4+ Kf8 32. Bb5 f6 33. Re8+ Kf7 34. Rb8 Kg6 35. Rb7 h5 36.
Be8+ Kh6 37. h4 g5 38. Rf7 gxh4 39. gxh4 a5 40. Rxf6+ Kg7 41. Rxb6 1-0

[Event "Late-Titled-Tuesday-Blitz-March-12-2024"]
[Site "Chess.com"]
[Date "2024.03.12"]
[Round "5"]
[White "LUISMIGUELOV"]
[Black "mestrefeitosa19"]
[Result "0-1"]
[WhiteElo "2115"]
[BlackElo "2312"]
[TimeControl "180+1"]
[EndTime "14:54:04 PDT"]
[Termination "mestrefeitosa19 won by checkmate"]

1. d4 d5 2. c3 Nf6 3. Bg5 e6 4. Nd2 h6 5. e3 hxg5 6. Bd3 c5 7. Ngf3 g4 8. Ne5 cxd4 9. cxd4 Nc6 10. Nxg4 Nxg4 11.
Qxg4 e5 12. Qg3 exd4 13. O-O Be6 14. Rac1 Bd6 15. Qxg7 Bxh2+ 16. Kh1 Be5+ 17. Qxh8+ Bxh8 18. exd4 Qh4+ 19. Kg1 Nxd4 20. g3 Qh3 21. Rfe1 Bf6 22. Rc7 Bg5 23. Bf1 Bxd2 24. Bxh3 Nf3+ 25. Kh1 Bxe1 26. Bxe6 fxe6 27. Rxb7 d4 28. Kg2 Ne5 29. Kf1 Ba5 30. f4 Nc6 31. Ke2 Rd8 32. a3 d3+ 33. Kd1 Nd4 34. b4 Bb6 35. a4 Nf3 36. a5 Be3 37. b5 Nh2 38. b6 axb6 39. a6 b5 40. a7 Ng4 41. Rxb5 Nf2+ 42. Ke1 d2+ 43.
Ke2 d1=Q+ 44. Kxe3 Qd2+ 45. Kf3 Rd3+ 46. Kg2 Ne4+ 47. Kh3 Rxg3+ 48. Kh4 Qh2# 0-1

[Event "Late-Titled-Tuesday-Blitz-March-12-2024"]
[Site "Chess.com"]
[Date "2024.03.12"]
[Round "5"]
[White "Perecke"]
[Black "prochn"]
[Result "1-0"]
[WhiteElo "2610"]
[BlackElo "2470"]
[TimeControl "180+1"]
[EndTime "14:54:06 PDT"]
[Termination "Perecke won on time"]

1. e4 c6 2. d4 d5 3. Nc3 dxe4 4. Nxe4 Nf6 5. Nxf6+ exf6 6. c3 Bd6 7. Bd3 O-O 8. Ne2 Re8 9. O-O Nd7 10. Ng3 Nf8 11. Nf5 Bxf5 12. Bxf5 Bc7 13. Bd3 Qd6 14.
g3 Ne6 15. Be3 g6 16. Bc2 f5 17. Qf3 f4 18. Bd2 h5 19. Rae1 Ng5 20. Qd3 Ne6 21. Re4 Rad8 22. Bxf4 Nxf4 23. Rxf4 Qe6 24. Bb3 Rd5 25. Rf3 Qe2 26. Bxd5 cxd5 27. Rd1 Qxb2 28. Re3 Rc8 29. Re7 Bd6 30. Rb1 Qxa2 31. Rexb7 a5 32. Qf3 1-0

[Event "Late-Titled-Tuesday-Blitz-March-12-2024"]
[Site "Chess.com"]
[Date "2024.03.12"]
[Round "5"]
[White "yuriydovzik"]
[Black "Josgar05"]
[Result "1/2-1/2"]
[WhiteElo "2111"]
[BlackElo "2367"]
[TimeControl "180+1"]
[EndTime "14:54:07 PDT"]
[Termination "Game drawn by repetition"]

1. Nf3 g6 2. c4 Bg7 3. Nc3 d6 4. d4 f5 5. e4 fxe4 6. Nxe4 Nf6 7. Nxf6+ Bxf6 8. Be2 Bf5 9. O-O c5 10. Bg5 O-O 11. Bxf6 Rxf6 12. dxc5 Nc6 13. cxd6 Rxd6 14.
Qc1 Rc8 15. c5 Rf6 16. Qc3 Qc7 17. b4 a6 18. h3 Qf4 19. Qc4+ Qxc4 20. Bxc4+ Kg7 21.
a3 Bxh3 22. Ng5 Bf5 23. Rfe1 Rd8 24. Rad1 Rxd1 25. Rxd1 h6 26. Nf3 Bg4 27. Bd5 Kf8 28.
Rd3 Rf4 29. Bxc6 bxc6 30. Ne5 Bf5 31. Rf3 Rxf3 32. gxf3 Ke8 33. Nxc6 Kd7 34. Nd4 Bd3 35. f4 g5 36. fxg5 hxg5 37. Kg2 e5 38. Nf3 e4 39.
Nxg5 Kc6 40. Kg3 Kb5 41. Kf4 Ka4 42. Nxe4 Kxa3 43. c6 Bb5 44. c7 Bd7 45. Nd6 Kxb4 46. c8=Q Bxc8 47. Nxc8 a5 48. Nb6 Kc5 49. Na4+ Kb4 50.
Nb2 Kc3 51. Na4+ Kb4 52. Nb6 Kc5 53. Nd7+ Kb4 54. Ke3 a4 55. Ne5 Kc3 56. Nd3 a3 57. Nc1 Kc2 58. Na2 Kb3 59. Nc1+ Kc2 60. Nd3 Kc3 61.
Nc1 Kc2 1/2-1/2

[Event "Late-Titled-Tuesday-Blitz-March-12-2024"]
[Site "Chess.com"]
[Date "2024.03.12"]
[Round "5"]
[White "PNEPaul"]
[Black "Chempiblinka"]
[Result "0-1"]
[WhiteElo "1955"]
[BlackElo "2336"]
[TimeControl "180+1"]
[EndTime "14:54:07 PDT"]
[Termination "Chempiblinka won on time"]

1. e4 c5 2. d4 cxd4 3. c3 dxc3 4. Nxc3 e6 5. Nf3 Be7 6. Bf4 d6 7. Bd3 Nf6 8. Qe2 O-O 9. Rd1 a6 10. e5 Nh5 11. exd6 Nxf4 12. dxe7 Qxe7 13. Qe4 Nxd3+ 14.
Rxd3 Nc6 15. O-O Qf6 16. Rfd1 e5 17. Nd5 Qh6 18. Nc7 Rb8 19. Nxe5 Nxe5 20. Qxe5 Bg4 21. f3 Bh5 22. Nd5 Rbe8 23. Qg3 Bg6 24. R3d2 Bf5 25. Nc3 Qb6+ 26. Qf2 Qc6 27. Nd5 h6 28. Ne3 Bg6 29. Ng4 Re6 30. Qg3 Kh7 31. Ne5 Qb6+ 32. Kh1 Bf5 33.
Nd7 Qb4 34. Nxf8+ Qxf8 0-1

[Event "Late-Titled-Tuesday-Blitz-March-12-2024"]
[Site "Chess.com"]
[Date "2024.03.12"]
[Round "5"]
[White "GothamChess"]
[Black "ContrVersia"]
[Result "0-1"]
[WhiteElo "2690"]
[BlackElo "2877"]
[TimeControl "180+1"]
[EndTime "14:54:09 PDT"]
[Termination "ContrVersia won on time"]

1. e4 c5 2. Nc3 Nc6 3. Bb5 Nd4 4. Nf3 e6 5. O-O a6 6. Bd3 Nc6 7. Re1 g5 8. h3 h5 9. Nh2 Bg7 10. Be2 Nd4 11. Nf3 g4 12. Nxd4 cxd4 13. Nb1 gxh3 14. gxh3 Qg5+ 15. Kh1 Qh4 16. Bf1 Qxf2 17. d3 Be5 18. Re2 Qf3+ 19. Bg2 Qg3 20. Kg1 Ne7 21. Nd2 Rg8 22. Kf1 b5 23. Nf3 Bb7 24. Nxe5 Qxe5 25. Rf2 Ng6 26. a4 Nh4 27. Bf4 Qg7 28. Bh1 b4 29.
Qxh5 Qg1+ 30. Ke2 Qxa1 31. Bd6 Ng6 32. Qg5 Qxh1 33. Rg2 Qxg2+ 0-1